 Dungeon Sprint DCSS version 0.31.0-12-g77e489cdc1 (webtiles) character file.

Game seed: 2859875490565205632

11817 Groucho the Thaumaturge (level 11, -6/48 (56) HPs)
             Began as a Spriggan Earth Elementalist on Feb 13, 2024.
             Was the Champion of Sif Muna.
             Killed from afar by an eidolon (45 damage)
             ... with a bolt of negative energy
             ... in the Dungeon (Sprint VII: "The Pits").
             The game lasted 00:18:19 (7676 turns).

Groucho the Thaumaturge (SpEE)                      Turns: 7676, Time: 00:18:19

HP:   -6/48 (56)    AC:  4    Str:  7    XL:     11   Next: 54%
MP:   7/29          EV: 18    Int: 20    God:    Sif Muna [******]
Gold: 0             SH:  0    Dex: 20    Spells: 8/37 levels left

rFire   + . .        h - +2 dagger
rCold   . . .        (no shield)
rNeg    . . .        s - +1 robe {rF+}
rPois   .            (helmet restricted)
rElec   .            q - +0 cloak
rCorr   .            (gloves unavailable)
SInv    +            (boots unavailable)
Will    +....        (no amulet)
Stlth   +++++        m - +3 ring of strength
HPRegen 0.28/turn    n - +3 ring of dexterity
MPRegen 0.21/turn

%: no teleportation
@: heavily drained, very quick
A: very small, no large weapons, unfitting armour, see invisible, speed 3
a: Renounce Religion, Channel Magic, Forget Spell, Divine Exegesis


You were in the Dungeon.
You worshipped Sif Muna.
Sif Muna was exalted by your worship.
You visited 1 branch

Inventory:

Hand Weapons
 h - a +2 dagger (weapon)
 r - a +2 rapier of electrocution
Armour
 q - a +0 cloak (worn)
 s - a +1 robe of fire resistance (worn)
Jewellery
 m - a +3 ring of strength (left hand)
 n - a +3 ring of dexterity (right hand)
Scrolls
 j - 2 scrolls of vulnerability
 k - 5 scrolls of amnesia
 l - a scroll of summoning
Potions
 b - 5 potions of magic
 c - 7 potions of curing
 d - 12 potions of heal wounds
 e - a potion of haste
 f - 3 potions of berserk rage
 i - 2 potions of invisibility
 o - a potion of brilliance
 p - a potion of might


   Skills:
 + Level 5.8 Fighting
 - Level 7.0 Short Blades
 - Level 2.6 Dodging
 - Level 10.0 Stealth
 + Level 13.6 Spellcasting
 * Level 10.5 Conjurations
 + Level 7.0 Fire Magic
 + Level 12.4 Earth Magic
 + Level 11.2 Alchemy
 - Level 10.0 Invocations


You had 8 spell levels left.
You knew the following spells:

 Your Spells              Type           Power      Damage    Failure   Level
a - Sandblast             Erth           100%       2d20      1%          1
b - Stone Arrow           Conj/Erth      100%       3d13      1%          3
c - Petrify               Alch/Erth      57%        N/A       1%          4
d - Irradiate             Conj/Alch      27%        3d20      1%          5
e - Lee's Rapid Deconstr  Erth           29%        3d15*     1%          5
f - Fireball              Conj/Fire      24%        3d11      3%          5
g - Starburst             Conj/Fire      24%        6d8       21%         6

Your spell library contained the following spells:

 Spells                   Type           Power      Damage    Failure   Level
 Magic Dart               Conj           100%       1d8       1%          1
 Sting                    Conj/Alch      100%       1d9       1%          1
 Static Discharge         Conj/Air       68%        3-6/arc   1%          2
 Mephitic Cloud           Conj/Alch/Air  42%        N/A       1%          3
 Passwall                 Erth           58%        N/A       1%          3
 Brom's Barrelling Bould  Conj/Erth      56%        2d7       1%          4
 Fulminant Prism          Conj/Alch      27%        3d13      1%          4
 Ignite Poison            Fire/Alch      50%        N/A       1%          4
 Leda's Liquefaction      Alch/Erth      28%        N/A       1%          4
 Sticky Flame             Fire/Alch      50%        2d9       1%          4
 Alistair's Intoxication  Alch           36%        N/A       1%          5
 Apportation              Tloc           26%        N/A       4%          1
 Necrotise                Necr           52%        1d6       4%          1
 Summon Small Mammal      Summ           52%        N/A       4%          1
 Eringya's Noxious Bog    Alch           27%        4d6       8%          6
 Yara's Violent Unravell  Hex/Alch       18%        3d9       13%         5
 Gell's Gravitas          Tloc           13%        N/A       14%         3
 Arcjolt                  Conj/Air       17%        1d27      16%         5
 Freezing Cloud           Conj/Ice/Air   13%        6-21      32%         5
 Sculpt Simulacrum        Ice/Alch       18%        N/A       58%         6
 Summon Forest            Summ/Tloc      6%         N/A       80%         5
 Lehudib's Crystal Spear  Conj/Erth      28%        10d7      96%         8
 Spellforged Servitor     Conj/Summ      17%        N/A       99%         7
 Death's Door             Necr           6%         N/A       100%        9
 Fire Storm               Conj/Fire      24%        8d6       100%        9


Dungeon Overview and Level Annotations

Branches:
Dungeon (1/1)

Altars:
Ashenzari
Cheibriados
Dithmenos
Elyvilon
Fedhas
Gozag
Hepliaklqana
Kikubaaqudgha
Makhleb
Nemelex Xobeh
Okawaru
Qazlal
Ru
Sif Muna
Trog
Uskayaw
Vehumet
Wu Jian
Xom
Yredelemnul
Zin
The Shining One
Jiyva
Lugonu


Innate Abilities, Weirdness & Mutations

You are very small and have problems with some larger weapons.
You are too small for most types of armour.
You have supernaturally acute eyesight. (SInv)
You cover ground extremely quickly. (Speed+++)


Message History

The eidolon stares piercingly at you. The bolt of negative energy hits you!!!
You feel drained.
Ouch! That really hurt!
* * * LOW HITPOINT WARNING * * *
Unknown command.
Unknown command.
Unknown command.
You feel much better.
Casting: Lee's Rapid Deconstruction (dangerous; 1% risk of failure)
Confirm with . or Enter, or press ? or * to list all spells.
Aiming: Lee's Rapid Deconstruction (dangerous; 1% risk of failure)
Press: ? - help, Dir - move target A metal wall.
The metal wall shatters!
The blast of metal fragments hits the eidolon but does no damage.
The eidolon is moderately damaged.
You hear a bellow!
Unknown command.
Unknown command.
Casting: Lee's Rapid Deconstruction (dangerous; 1% risk of failure)
Confirm with . or Enter, or press ? or * to list all spells.
Aiming: Lee's Rapid Deconstruction (dangerous; 1% risk of failure)
Press: ? - help, Dir - move target A metal wall.
The metal wall shatters!
The blast of metal fragments hits the eidolon!
The eidolon is heavily damaged.
Unknown command.
Unknown command.
Unknown command.
Casting: Lee's Rapid Deconstruction (dangerous; 1% risk of failure)
Confirm with . or Enter, or press ? or * to list all spells.
Aiming: Stone Arrow (safe; 1% risk of failure)
Press: ? - help, Shift-Dir - straight line The stone arrow hits the eidolon!
The eidolon is severely damaged.
The eidolon stares piercingly at you. The bolt of negative energy hits you!!!
You feel drained.
Ouch! That really hurt!
You die...

###)'###### .##''# #####
#### .##.)###...###..' #
.##...##...##..# .###
.###...##'##..## .'. .#
##))).......## ..#
.###..###'###...##'##
.##..##.....##..#...#...
###.)'.......'..@.W.'...
###..##.....##..#...#...
[###..###'###...##'## .#
##..........## .)# )#
#...##'##..## .'.
.##...##...##..# .###
)##..###...###..' #
##### ##### ####


You could see an eidolon.

Vanquished Creatures
  An ogre mage (D)
  4 two-headed ogres (D)
  A demonic crawler (D)
  2 sea snakes (D)
  A shadow wraith (D)
  A deep troll (D)
  A flayed ghost (D)
  An orc sorcerer (D)
  A manticore (D)
  A molten gargoyle (D)
  A kobold demonologist (D)
  A komodo dragon (D)
  A yaktaur (D)
  A tarantella (D)
  2 hellwings (D)
  A spriggan (D)
  2 small abominations (D)
  A wyvern (D)
  A basilisk (D)
  A warg (D)
  A steam dragon (D)
  5 vampire mosquitoes (D)
  A redback (D)
  Edmund (D)
  A water moccasin (D)
  A sky beast (D)
  A crocodile (D)
  An ogre (D)
  2 phantoms (D)
  2 kobold brigands (D)
  A weeping skull (D)
  A necrophage (D)
  8 wights (D)
  An orc priest (D)
  A jelly (D)
  2 iguanas (D)
  An adder (D)
  A river rat (D)
  An ufetubus (D)
  4 orcs (D)
  A bat zombie (D)
  3 endoplasms (D)
  2 goblins (D)
  2 hobgoblins (D)
  3 jackals (D)
  A kobold (D)
  A rat (D)
76 creatures vanquished.

Notes
Turn   | Place    | Note
-------+----------+-------------------------------------------
     0 | D        | Groucho the Spriggan Earth Elementalist began the quest for
                  | the Orb.
     0 | D        | Reached XP level 1. HP: 9/9 MP: 5/5
    44 | D        | Found a glowing golden altar of the Shining One.
    44 | D        | Found a glowing silver altar of Zin.
    44 | D        | Found a basalt altar of Yredelemnul.
    44 | D        | Found a shimmering altar of Xom.
    44 | D        | Found an ornate altar of the Wu Jian Council.
    44 | D        | Found a bloodstained altar of Trog.
    44 | D        | Found a shimmering blue altar of Sif Muna.
    44 | D        | Found a sacrificial altar of Ru.
    44 | D        | Found a stormy altar of Qazlal.
    44 | D        | Found an iron altar of Okawaru.
    44 | D        | Found a sparkling altar of Nemelex Xobeh.
    44 | D        | Found a burning altar of Makhleb.
    44 | D        | Found a viscous altar of Jiyva.
    44 | D        | Found a hazy altar of Hepliaklqana.
    44 | D        | Found an opulent altar of Gozag.
    44 | D        | Found a blossoming altar of Fedhas.
    44 | D        | Found a white marble altar of Elyvilon.
    44 | D        | Found a shadowy altar of Dithmenos.
    44 | D        | Found a snail-covered altar of Cheibriados.
    45 | D        | Found a radiant altar of Vehumet.
    45 | D        | Found a corrupted altar of Lugonu.
    46 | D        | Found an ancient bone altar of Kikubaaqudgha.
    46 | D        | Found a hide-covered altar of Uskayaw.
    46 | D        | Found a broken altar of Ashenzari.
    49 | D        | Became a worshipper of Sif Muna the Loreminder
    61 | D        | Reached skill level 3 in Spellcasting
    61 | D        | Reached skill level 1 in Conjurations
   357 | D        | Reached * piety under Sif Muna
   384 | D        | Reached XP level 2. HP: 13/13 MP: 1/7
   690 | D        | Reached ** piety under Sif Muna
   691 | D        | Reached skill level 4 in Spellcasting
   919 | D        | Noticed a crocodile
  1199 | D        | Reached skill level 5 in Earth Magic
  1199 | D        | Reached skill level 1 in Invocations
  1199 | D        | Reached XP level 3. HP: 12/16 MP: 2/10
  1238 | D        | Noticed a kobold brigand
  1242 | D        | Killed a kobold brigand
  1242 | D        | Reached *** piety under Sif Muna
  1243 | D        | Reached skill level 5 in Spellcasting
  1243 | D        | Reached XP level 4. HP: 21/21 MP: 4/12
  1548 | D        | Reached skill level 6 in Spellcasting
  1548 | D        | Reached XP level 5. HP: 25/25 MP: 10/14
  1751 | D        | Learned a level 3 spell: Stone Arrow
  1812 | D        | Killed a crocodile
  1813 | D        | Reached skill level 1 in Fighting
  2129 | D        | Learned a level 4 spell: Petrify
  2139 | D        | Noticed a warg
  2146 | D        | Reached skill level 5 in Stealth
  2146 | D        | Reached XP level 6. HP: 30/30 MP: 9/16
  2380 | D        | Reached **** piety under Sif Muna
  2381 | D        | Killed a warg
  2382 | D        | Reached skill level 7 in Spellcasting
  2971 | D        | Noticed a yaktaur
  2975 | D        | Killed a yaktaur
  2976 | D        | Reached skill level 8 in Spellcasting
  2976 | D        | Reached skill level 5 in Alchemy
  2976 | D        | Reached skill level 5 in Invocations
  2976 | D        | Reached XP level 7. HP: 25/36 MP: 5/19
  3163 | D        | Noticed Edmund
  3166 | D        | Reached ***** piety under Sif Muna
  3167 | D        | Reached skill level 5 in Short Blades
  3172 | D        | Killed Edmund
  3173 | D        | Reached skill level 5 in Conjurations
  3174 | D        | Received a gift from Sif Muna
  3175 | D        | Got Sif Muna's Quarto of the Feathery Singularity {god
                  | gift}
  3402 | D        | Reached XP level 8. HP: 40/40 MP: 14/21
  3413 | D        | Reached skill level 9 in Spellcasting
  3414 | D        | Received a gift from Sif Muna
  3415 | D        | Got Sif Muna's Encyclopedia of Fulmination {god gift}
  3839 | D        | Noticed a shadow wraith
  3851 | D        | Reached skill level 1 in Fire Magic
  3851 | D        | Reached skill level 10 in Earth Magic
  3854 | D        | Killed a shadow wraith
  3855 | D        | Reached skill level 10 in Spellcasting
  3855 | D        | Reached XP level 9. HP: 45/45 MP: 5/24
  4407 | D        | Noticed a demonic crawler
  4407 | D        | Noticed a kobold demonologist
  4437 | D        | Killed a demonic crawler
  4698 | D        | Noticed a deep troll
  4801 | D        | Killed a deep troll
  4801 | D        | Received a gift from Sif Muna
  4802 | D        | Reached skill level 5 in Fighting
  4950 | D        | Noticed a death yak
  4962 | D        | Reached skill level 11 in Spellcasting
  5543 | D        | Received a gift from Sif Muna
  5544 | D        | Got Sif Muna's Incunabulum of the Deathly Hornet {god gift}
  5555 | D        | Noticed a sea snake
  5583 | D        | Reached XP level 10. HP: 21/51 MP: 15/26
  5597 | D        | Killed a sea snake
  5672 | D        | Reached ****** piety under Sif Muna
  5914 | D        | Noticed a molten gargoyle
  5917 | D        | Killed a molten gargoyle
  5918 | D        | Reached skill level 5 in Fire Magic
  5957 | D        | Received a gift from Sif Muna
  5959 | D        | Got Sif Muna's Writings on Concoctions {god gift}
  5966 | D        | Learned a level 5 spell: Irradiate
  6219 | D        | Noticed a manticore
  6226 | D        | Killed a manticore
  6227 | D        | Reached skill level 12 in Spellcasting
  6339 | D        | Noticed a sea snake
  6346 | D        | Noticed an ogre mage
  6356 | D        | Killed a sea snake
  6357 | D        | Noticed a two-headed ogre
  6363 | D        | Killed an ogre mage
  6363 | D        | Received a gift from Sif Muna
  6363 | D        | Noticed a two-headed ogre
  6364 | D        | Reached skill level 10 in Stealth
  6364 | D        | Reached skill level 10 in Alchemy
  6364 | D        | Reached XP level 11. HP: 55/55 MP: 9/28
  6364 | D        | HP: 2/55 [two-headed ogre/+0 giant club (31)]
  6379 | D        | Killed a two-headed ogre
  6382 | D        | Noticed a two-headed ogre
  6409 | D        | Killed a two-headed ogre
  6410 | D        | Reached skill level 10 in Invocations
  6428 | D        | Killed a two-headed ogre
  6429 | D        | Reached skill level 13 in Spellcasting
  6664 | D        | Got Roxanne's Thoughts on the Poisonous Valley {god gift}
  6838 | D        | Learned a level 5 spell: Lee's Rapid Deconstruction
  7007 | D        | Noticed a two-headed ogre
  7017 | D        | Noticed a flayed ghost
  7025 | D        | Reached skill level 10 in Conjurations
  7025 | D        | Killed a flayed ghost
  7025 | D        | Killed a two-headed ogre
  7029 | D        | Received a gift from Sif Muna
  7030 | D        | Got Sif Muna's Writings on Mortuary Bolts {god gift}
  7037 | D        | Learned a level 5 spell: Fireball
  7044 | D        | Learned a level 6 spell: Starburst
  7249 | D        | Noticed an orc sorcerer
  7275 | D        | Killed an orc sorcerer
  7669 | D        | Noticed an eidolon
  7676 | D        | Killed from afar by an eidolon

Illustrated notes

Levels and vault maps discovered:
D:        pitsprint [storerooms_1, entrance_room_1, metal_vault_5, armoury_1,
          mini_pit_1, grid_room_1, main_hall_1, silver_pit, the_coven_3,
          the_vestibule_1, steel_vault_5, golden_pit, hallway_of_sentries,
          crystal_vault_3, iron_vault_4, final_vault]

Skill      XL: |  1  2  3  4  5  6  7  8  9 10 11 |
---------------+----------------------------------+-----
Spellcasting   | 3 4 5 6 8 10 11 12 13 | 13.6
Conjurations   | 1 2 3 4 5 6 7 9 10 | 10.5
Earth Magic    | 3 5 6 7 8 9 10 11 12 | 12.4
Invocations    | 1 3 4 5 6 7 8 9 10 | 10.0
Fighting       | 2 3 4 5 |  5.8
Short Blades   | 2 4 5 7 |  7.0
Stealth        | 5 7 10 | 10.0
Alchemy        | 2 5 7 8 10 11 | 11.2
Fire Magic     | 2 4 5 7 |  7.0
Dodging        | |  2.6

Action                     |  1- 3 |  4- 6 |  7- 9 | 10-12 || total
---------------------------+-------+-------+-------+-------++-------
  Melee: Dagger            |       |       |    14 |    24 ||    38
         Punch             |       |       |     1 |     1 ||     2
   Cast: Sandblast         |    33 |     4 |       |       ||    37
         Stone Arrow       |       |    15 |    41 |    45 ||   101
         Petrify           |       |       |     9 |    21 ||    30
         Lee's Rapid Decon |       |       |       |     5 ||     5
         Fireball          |       |       |       |     1 ||     1
 Invoke: Channel Magic     |       |       |     2 |     4 ||     6
    Use: Potion            |     1 |       |     1 |     2 ||     4
         Scroll            |       |       |       |     1 ||     1
   Stab: Petrified         |       |       |    14 |    22 ||    36
 Armour: Robe              |    15 |     2 |     8 |    16 ||    41
  Dodge: Dodged            |    24 |     6 |    12 |    15 ||    57
